 Dungeon Crawl Stone Soup version 0.30-a0-718-geaa24f58ff (webtiles) character file.

Game seed: 1424607395625030217

87 hikkokomori the Shield-Bearer (level 4, 0/24 HPs)
             Began as a Vine Stalker Fighter on Jan 26, 2023.
             Slain by a gnoll
             ... wielding a +0 halberd
              (7 damage)
             ... on level 3 of the Dungeon.
             The game lasted 00:01:35 (1108 turns).

hikkokomori the Shield-Bearer (VSFi)                Turns: 1108, Time: 00:01:36

Health: 0/24       AC:  7    Str: 18    XL:     4   Next: 51%
Magic:  0/5        EV:  9    Int: 10    God:
Gold:   105        SH:  5    Dex: 14    Spells: 3/3 levels left

rFire   . . .      SeeInvis .    a - +0 rapier
rCold   . . .      Faith    .    c - +0 buckler
rNeg    . . .      Spirit   +    b - +0 scale mail
rPois   .          Reflect  .    (no helmet)
rElec   .          Harm     .    (no cloak)
rCorr   .          Rampage  .    (no gloves)
Will    .....                    n - +0 pair of boots Stlth
                                 (no amulet)
HPRegen 1.04/turn                (no ring)
MPRegen 0.09/turn                (no ring)

@: mighty
A: fangs 2, regeneration 1, magic shield, antimagic bite, no potion heal 2
a: no special abilities


You were on level 3 of the Dungeon.
You visited 1 branch of the dungeon, and saw 3 of its levels.

You collected 105 gold pieces.

Inventory:

Hand Weapons
 a - a +0 rapier (weapon)
Armour
 b - a +0 scale mail (worn)
 c - a +0 buckler (worn)
 n - a +0 pair of boots (worn)
Jewellery
 i - a ring of protection from fire
 k - a ring of magical power
Scrolls
 e - a scroll of acquirement {unknown}
 f - a scroll of summoning {unknown}
 h - a scroll of teleportation {unknown}
 m - a scroll of immolation {unknown}
 o - a scroll of magic mapping {unknown}
 r - a scroll of enchant weapon {unknown}
 t - a scroll of identify {unknown}
Potions
 g - a potion of heal wounds {unknown}
 j - 2 potions of haste {unknown}
 l - 2 potions of invisibility {unknown}
 p - a potion of curing {unknown}
 q - a potion of lignification {unknown}
 s - a potion of degeneration {unknown}


   Skills:
 + Level 3.3 Fighting
 + Level 2.5 Short Blades
 - Level 2.9 Armour
 + Level 3.3 Shields


You had 3 spell levels left.
You didn't know any spells.
Your spell library was empty.

Dungeon Overview and Level Annotations

Branches:
Dungeon (3/15)

Altars:

Shops:
D:1 ?


Innate Abilities, Weirdness & Mutations

You have extremely sharp teeth.
Your natural rate of healing is unusually fast.
When hurt, damage is shared between your health and your magic reserves.
Your bite disrupts and absorbs the magic of your enemies.
Potions cannot restore your health.


Message History

The gnoll hits you but does no damage. You block the gnoll's attack.
The gnoll hits you with a +0 spear.
Things that are here:
a +0 flail; an adder corpse You are too injured to fight recklessly!
You are too injured to fight recklessly!
You are too injured to fight recklessly!
You are too injured to fight recklessly!
You are too injured to fight recklessly!
You are too injured to fight recklessly!
You are too injured to fight recklessly!
You are too injured to fight recklessly!
You are too injured to fight recklessly!
You are too injured to fight recklessly!
You are too injured to fight recklessly!
You are too injured to fight recklessly!
You are too injured to fight recklessly!
You are too injured to fight recklessly!
You are too injured to fight recklessly!
You are too injured to fight recklessly!
You are too injured to fight recklessly!
You are too injured to fight recklessly!
You hit the gnoll but do no damage. The gnoll barely misses you.
The gnoll misses you. x2; The gnoll barely misses you.
You barely miss the gnoll. The gnoll hits you but does no damage.
You block the gnoll's attack.
You hit the gnoll. You bite the gnoll. You drain its power.
You feel invigorated.
The gnoll is heavily wounded.
The gnoll hits you with a +0 spear!
The gnoll hits you from afar with a +0 halberd.
* * * LOW HITPOINT WARNING * * *
You barely miss the gnoll.
The gnoll is heavily wounded.
You block the gnoll's attack. The gnoll hits you with a +0 spear.
* * * LOW HITPOINT WARNING * * *
You feel very mighty all of a sudden. The gnoll barely misses you.
The gnoll hits you from afar with a +0 halberd!
You die...

# #.# .# .
#. #.# .# .)
.##.## #. ..
.#.. .. ..
... .# #.
#.# .#
#..#.#####.#
#...ggg@...#
#..#.#####.#
..[....# .#
#....g..# .#
##.....## .#
#.g... ..
#g.... ##
......


You could see 3 gnolls.

Vanquished Creatures
  A gnoll (D:3)
  3 adders
  A worm (D:2)
  2 dart slugs (D:1)
  2 ball pythons
  7 bats
  6 endoplasms
  3 giant cockroaches
  4 goblins
  4 hobgoblins
  A quokka (D:2)
  A frilled lizard (D:1)
  A kobold (D:1)
  6 rats
42 creatures vanquished.

Notes
Turn   | Place    | Note
-------+----------+-------------------------------------------
     0 | D:1      | hikkokomori the Vine Stalker Fighter began the quest for
                  | the Orb.
     0 | D:1      | Reached XP level 1. HP: 11/11 MP: 2/2
   129 | D:1      | Reached XP level 2. HP: 16/16 MP: 3/3
   216 | D:1      | Found Poasm's Magic Scroll Shop.
   287 | D:1      | Found a faded altar of an unknown god.
   403 | D:1      | Reached XP level 3. HP: 19/19 MP: 2/4
   850 | D:2      | Gained mutation: Your natural rate of healing is unusually
                  | fast. [Vine Stalker growth]
   850 | D:2      | Reached XP level 4. HP: 23/24 MP: 5/5
  1108 | D:3      | Slain by a gnoll

Illustrated notes

Levels and vault maps discovered:
D:1:      dpeg_arrival_boxes_within_box, layout_rooms,
          chequers_ecumenical_altar_island, serial_shops, shop,
          minmay_pentomino_z4
D:2:      layout_rooms
D:3:      layout_basic, nemelex_spade_bored_becter

Skill      XL: |  1  2  3 |
---------------+----------+-----
Short Blades   | 2 |  2.5
Shields        | 3 |  3.3
Fighting       | 3 |  3.3
Armour         | |  2.9

Action                     |  1- 3 |  4- 6 || total
---------------------------+-------+-------++-------
  Melee: Rapier            |   102 |    42 ||   144
         Bite              |    22 |    11 ||    33
    Use: Potion            |       |     1 ||     1
 Armour: Scale mail        |    50 |    21 ||    71
  Dodge: Dodged            |    44 |    20 ||    64
  Block: Buckler           |    26 |    11 ||    37

Table legend: (Time is in decaauts)
 A = Elapsed time spent in this place.
 B = Non-inter-level travel time spent in this place.
 C = Inter-level travel time spent in this place.
 D = Time resting spent in this place.
 E = Time spent auto-exploring this place.
 F = Levels seen in this place.
 G = Mean time per level.
                   A        B        C        D        E       F      G
               +--------+--------+--------+--------+--------+-----+--------+
         Total |   1130 |   1092 |     38 |      0 |    797 |   3 |  376.7 |
       Dungeon |   1130 |   1092 |     38 |      0 |    797 |   3 |  376.7 |
               +--------+--------+--------+--------+--------+-----+--------+

Top non-repeatable levels by time:
     D:1: 647 daAuts
     D:2: 454 daAuts
     D:3: 28 daAuts
